 Dungeon Crawl Stone Soup version 0.31.0 (webtiles) character file.

Game seed: 3694718276759386618

777 Peloso the Slasher (level 7, -9/61 HPs)
             Began as a Minotaur Fighter on Jan 19, 2024.
             Mangled by Duvessa
             ... wielding a +0 short sword
              (14 damage)
             ... on level 4 of the Dungeon.
             The game lasted 00:09:47 (3487 turns).

Peloso the Slasher (Minotaur Fighter)               Turns: 3487, Time: 00:09:48

Health: -9/61      AC:  9    Str: 21    XL:     7   Next: 54%
Magic:  6/6        EV: 10    Int:  5    God:
Gold:   106        SH:  5    Dex: 11    Spells: 6/6 levels left

rFire   . . .        a - +0 long sword
rCold   . . .        d - +0 buckler
rNeg    + . .        b - +0 scale mail
rPois   .            (helmet restricted)
rElec   .            (no cloak)
rCorr   .            (no gloves)
SInv    .            c - +1 pair of boots
Will    +++..        m - amulet of the Four Winds {rN+ Will+++ Clar} Stlth
                     (no ring)
HPRegen 0.30/turn    (no ring)
MPRegen 0.10/turn

%: clarity
@: mighty
A: horns 2, retaliatory headbutt
a: no special abilities


You were on level 4 of the Dungeon.
You visited 1 branch of the dungeon, and saw 4 of its levels.
You also visited: Sewer.

You collected 106 gold pieces.

Inventory:

Hand Weapons
 a - a +0 long sword (weapon)
Missiles
 s - 2 throwing nets (quivered)
Armour
 b - a +0 scale mail (worn)
 c - a +1 pair of boots (worn)
 d - a +0 buckler (worn)
Jewellery
 m - the amulet of the Four Winds (around neck) {rN+ Will+++ Clar}
   (You found it on level 2 of the Dungeon)

   [amulet of nothing]

   rN+:       It protects you from negative energy.
   Will+++:   It greatly increases your willpower.
   Clar:      It protects you from confusion, rage, mesmerisation and fear.
 o - an amulet of the acrobat
Talismans
 k - a beast talisman
 r - a serpent talisman
 z - a blade talisman
Wands
 q - a wand of paralysis (13)
Scrolls
 e - 2 scrolls of blinking {unknown}
 f - a scroll of acquirement
 g - a scroll of silence
 h - 2 scrolls of fear {unknown}
 j - 3 scrolls of enchant armour
 p - 2 scrolls of teleportation {unknown}
 t - a scroll of brand weapon {unknown}
 u - a scroll of torment {unknown}
 y - a scroll of enchant weapon {unknown}
Potions
 i - a potion of invisibility {unknown}
 l - a potion of curing
 n - a potion of might
 v - 2 potions of cancellation {unknown}
 w - 2 potions of haste {unknown}
 x - a potion of heal wounds {unknown}
 A - a potion of attraction {unknown}


   Skills:
 + Level 5.1 Fighting
 + Level 6.6 Long Blades
 + Level 6.1 Armour
 + Level 2.1 Dodging
 + Level 1.2 Stealth
 + Level 5.1 Shields


You had 6 spell levels left.
You didn't know any spells.
Your spell library was empty.

Dungeon Overview and Level Annotations

Branches:
Dungeon (4/15)              Sewer (visited)
 Temple: D:4-7

Altars:

Annotations:
D:4 Duvessa


Innate Abilities, Weirdness & Mutations

You have a pair of horns on your head.
You reflexively headbutt those who attack you in melee.


Message History

Duvessa screams, "No!
How DARE you!"
Duvessa goes berserk!
Duvessa hits you with a +0 short sword.
Your Armour skill increases to level 6!
You hit the phantom.
The phantom is lightly damaged.
Duvessa hits you with a +0 short sword.
The phantom hits you but does no damage.
Duvessa hits you but does no damage.
Unknown command.
You slash Duvessa! You headbutt Duvessa.
Duvessa is heavily wounded.
Duvessa misses you. The phantom misses you.
You slash Duvessa!
Duvessa is severely wounded.
Duvessa hits you with a +0 short sword! Duvessa closely misses you.
The phantom hits you but does no damage.
You hit Duvessa.
Duvessa is severely wounded.
You block Duvessa's attack.
The phantom hits you but does no damage.
Duvessa hits you with a +0 short sword!
You closely miss Duvessa.
Duvessa is severely wounded.
Duvessa hits you with a +0 short sword! The phantom hits you.
The phantom blinks!
You blink.
The phantom attacks as it pursues you!
The phantom hits you but does no damage.
You barely miss the phantom. You headbutt the phantom.
The phantom is moderately damaged.
The phantom hits you.
* * * LOW HITPOINT WARNING * * *
You block Duvessa's attack.
Unknown command.
You barely miss Duvessa.
Duvessa is severely wounded.
Duvessa hits you with a +0 short sword!
* * * LOW HITPOINT WARNING * * *
The phantom hits you but does no damage.
Duvessa hits you with a +0 short sword!
You die...

.# ######......
... ###...... ...
####### ##...#####
....
#.....####..###
.....#.....#....##
.....#.....#.####
...........).#
.....#.W...### ###
#.@e..# #.....#
#.....# #.....#
#.....# #######


You could see Duvessa (berserk) and a phantom.

Vanquished Creatures
  An ogre (D:3)
  An ice beast (D:4)
  A scorpion (D:3)
  Dowan (D:4)
  A hound (D:4)
  3 jellies (Sewer)
  Ijyb (D:3)
  An iguana (D:4)
  Natasha (thrice) (D:2)
  An orc wizard (D:2)
  Robin (D:4)
  7 adders
  2 river rats
  2 dart slugs
  2 ribbon worms
  8 orcs
  6 bats
  14 endoplasms
  7 giant cockroaches
  17 goblins
  6 hobgoblins
  9 jackals
  7 kobolds
  2 quokkas
  14 ball pythons
  7 frilled lizards
  4 rats
129 creatures vanquished.

Notes
Turn   | Place    | Note
-------+----------+-------------------------------------------
     0 | D:1      | Peloso the Minotaur Fighter began the quest for the Orb.
     0 | D:1      | Reached XP level 1. HP: 19/19 MP: 0/0
   180 | D:1      | Reached XP level 2. HP: 27/27 MP: 1/1
   643 | D:2      | Reached XP level 3. HP: 29/33 MP: 2/2
   729 | D:2      | Noticed Natasha
   735 | D:2      | Killed Natasha
   736 | D:2      | Reached XP level 4. HP: 19/40 MP: 3/3
   903 | D:2      | Found the amulet of the Four Winds {rN+ Will+++ Clar}
  1192 | D:2      | Noticed Natasha
  1202 | D:2      | Killed Natasha
  1230 | D:2      | Reached XP level 5. HP: 47/47 MP: 4/4
  1547 | D:2      | Noticed Natasha
  1552 | D:2      | Killed Natasha
  1553 | D:2      | Reached skill level 5 in Armour
  1755 | D:3      | Noticed Ijyb
  1776 | D:3      | Killed Ijyb
  1935 | D:3      | Reached skill level 5 in Long Blades
  2100 | D:3      | Reached XP level 6. HP: 48/53 MP: 5/5
  2323 | D:3      | Reached skill level 1 in Stealth
  2492 | D:4      | Reached skill level 1 in Dodging
  2570 | D:4      | Noticed Robin
  2585 | D:4      | Killed Robin
  2619 | D:4      | Found a glowing drain.
  2708 | Sewer    | Entered a sewer
  2791 | Sewer    | Reached skill level 5 in Shields
  2828 | Sewer    | Reached skill level 5 in Fighting
  2869 | Sewer    | Reached XP level 7. HP: 53/61 MP: 6/6
  2973 | Sewer    | Found a viscous altar of Jiyva.
  3242 | Sewer    | Identified a scroll of acquirement
  3471 | D:4      | Noticed Duvessa
  3471 | D:4      | Noticed Dowan
  3478 | D:4      | Killed Dowan
  3487 | D:4      | Mangled by Duvessa

Illustrated notes

Levels and vault maps discovered:
D:1:      minmay_arrival_shattered_statue, layout_basic
D:2:      layout_basic, grunt_ministairs_14, amcnicky_mini_corridor_feature,
          uniq_natasha
D:3:      minmay_evil_eye, layout_basic, saegor_snake_ambush, uniq_ijyb
D:4:      layout_rooms, portal_sewer_entry_a, uniq_duvessa, uniq_robin

Skill      XL: |  1  2  3  4  5  6  7 |
---------------+----------------------+-----
Fighting       | 4 5 |  5.1
Shields        | 4 5 |  5.1
Armour         | 4 5 6 |  6.1
Long Blades    | 3 4 5 6 |  6.6
Stealth        | 1 |  1.2
Dodging        | 1 2 |  2.1

Action                     |  1- 3 |  4- 6 |  7- 9 || total
---------------------------+-------+-------+-------++-------
  Melee: Long sword        |    79 |   219 |    72 ||   370
         Headbutt          |    11 |    27 |    20 ||    58
  Evoke: Wand              |       |     1 |       ||     1
    Use: Scroll            |     2 |     2 |       ||     4
         Potion            |     1 |       |     1 ||     2
   Stab: Paralysed         |       |     6 |       ||     6
 Armour: Scale mail        |    88 |   186 |    62 ||   336
  Dodge: Dodged            |    54 |   105 |    27 ||   186
  Block: Buckler           |    24 |    60 |    19 ||   103
